 Dungeon Crawl Stone Soup version 0.31-a0-986-g5e6e4ef867 (webtiles) character file.

Game seed: 15015110267019213705

18 IdlyInterested the Poker (level 2, 0/22 HPs)
             Began as a Demonspawn Wanderer on Nov 17, 2023.
             Slain by a ball python (3 damage)
             ... on level 1 of the Dungeon.
             The game lasted 00:01:37 (242 turns).

IdlyInterested the Poker (Demonspawn Wanderer)       Turns: 242, Time: 00:01:37

Health: 0/22       AC:  5    Str: 14    XL:     2   Next: 48%
Magic:  3/3        EV:  7    Int: 13    God:
Gold:   23         SH:  0    Dex: 10    Spells: 2/3 levels left

rFire   . . .        a - +0 spear
rCold   . . .        (no shield)
rNeg    . . .        g - +0 ring mail
rPois   .            (no helmet)
rElec   .            (no cloak)
rCorr   .            (no gloves)
SInv    .            (no boots)
Will    .....        (no amulet)
Stlth   +            (no ring)
HPRegen 0.23/turn    (no ring)
MPRegen 0.08/turn

%: no passive effects
@: constricted
A: sturdy frame 1
a: no special abilities


You were on level 1 of the Dungeon.
You visited 1 branch of the dungeon, and saw 1 of its levels.

You collected 23 gold pieces.

Inventory:

Hand Weapons
 a - a +0 spear (weapon)
 c - a +0 dagger
Missiles
 b - 11 poisoned darts (quivered)
 h - 4 stones
Armour
 e - a +0 leather armour
 g - a +0 ring mail (worn)
Talismans
 f - a flux talisman
Scrolls
 d - a scroll of fear
 k - a scroll of torment {unknown}
Potions
 i - a potion of lignification {unknown}
 j - a potion of enlightenment {unknown}


   Skills:
 + Level 1.9 Fighting
 - Level 3.0 Polearms
 - Level 1.0 Throwing
 - Level 1.0 Spellcasting
 - Level 2.6 Translocations
 + Level 1.8 Invocations


You had 2 spell levels left.
You knew the following spells:

 Your Spells              Type           Power      Damage    Failure   Level
a - Apportation           Tloc           14%        N/A       14%         1

Your spell library contained the following spells:

 Spells                   Type           Power      Damage    Failure   Level
 Momentum Strike          Conj/Tloc      8%         3d8       34%         2
 Teleport Other           Tloc           7%         N/A       38%         3


Dungeon Overview and Level Annotations

Branches:
Dungeon (1/15)

Altars:


Innate Abilities, Weirdness & Mutations

Your movements are slightly less encumbered by armour. (ER -2)


Message History

You kill the bat!
The endoplasm hits you but does no damage.
You hit the endoplasm.
The endoplasm is moderately wounded.
The endoplasm hits you but does no damage.
You hit the endoplasm but do no damage.
The endoplasm is moderately wounded.
The endoplasm hits you but does no damage.
You hit the endoplasm.
The endoplasm is severely wounded.
The endoplasm freezes you.
You are frozen.
You hit the endoplasm.
You kill the endoplasm!
You hit the hobgoblin but do no damage.
The hobgoblin is severely wounded.
The hobgoblin barely misses you.
You closely miss the hobgoblin.
The hobgoblin is heavily wounded.
The hobgoblin hits you.
* * * LOW HITPOINT WARNING * * *
A rat comes into view.
You hit the hobgoblin.
The hobgoblin is almost dead.
The hobgoblin hits you.
* * * LOW HITPOINT WARNING * * *
You closely miss the hobgoblin.
The hobgoblin is almost dead.
The hobgoblin hits you but does no damage.
You closely miss the hobgoblin.
The hobgoblin is almost dead.
The hobgoblin misses you.
You hit the hobgoblin.
You kill the hobgoblin!
You hit the ball python.
The ball python is moderately wounded.
The ball python bites you but does no damage.
The ball python grabs you. The ball python constricts you.
The ball python bites you.
You die...

#...... #...... ..
#...... .. .......
#.#### ....... ....####
....... ........
.......########...#####
.......rSS@............
.......########....#..
....... #.........#
....... #..[......#
.......###.....)...#
.......#...........#
.......#...........#
.......#.........#.#
#...........#


You could see 2 ball pythons and a rat.

Vanquished Creatures
  A dart slug (D:1)
  A ball python (D:1)
  2 endoplasms (D:1)
  2 hobgoblins (D:1)
  2 jackals (D:1)
  A kobold (D:1)
  2 bats (D:1)
  A frilled lizard (D:1)
  A goblin (D:1)
  2 rats (D:1)
15 creatures vanquished.

Notes
Turn   | Place    | Note
-------+----------+-------------------------------------------
     0 | D:1      | IdlyInterested the Demonspawn Wanderer began the quest for
                  | the Orb.
     0 | D:1      | IdlyInterested set off with the following items: a +0
                  | spear, 11 poisoned darts, a +0 dagger, a scroll of fear, a
                  | +0 leather armour; and the following spell memorised:
                  | Apportation; and the following spells available to
                  | memorise: Momentum Strike, Teleport Other.
     0 | D:1      | Reached XP level 1. HP: 15/15 MP: 2/2
    85 | D:1      | Reached skill level 3 in Polearms
   111 | D:1      | Gained mutation: Your movements are slightly less
                  | encumbered by armour. (ER -2) [demonic ancestry]
   111 | D:1      | Reached XP level 2. HP: 21/21 MP: 3/3
   242 | D:1      | Slain by a ball python

Illustrated notes

Levels and vault maps discovered:
D:1:      mrwooster_arrival_statue_3, layout_basic,
          nicolae_kite_square_tiling_tiny, nicolae_figureground_pulse

Skill      XL: |  1 |
---------------+----+-----
Polearms       | 3 |  3.0
Fighting       | |  1.9
Throwing       | |  1.0
Spellcasting   | |  1.0
Translocations | |  2.6
Invocations    | |  1.8

Action                     || total
---------------------------++-------
  Melee: Spear             ||    64
         Punch             ||     2
 Armour: Leather armour    ||    15
         Ring mail         ||    30
  Dodge: Dodged            ||    36

Table legend: (Time is in decaauts)
 A = Elapsed time spent in this place.
 B = Non-inter-level travel time spent in this place.
 C = Inter-level travel time spent in this place.
 D = Time resting spent in this place.
 E = Time spent auto-exploring this place.
 F = Levels seen in this place.
 G = Mean time per level.
                   A        B        C        D        E       F      G
               +--------+--------+--------+--------+--------+-----+--------+
         Total |    239 |    239 |      0 |     42 |     22 |   1 |  239.0 |
       Dungeon |    239 |    239 |      0 |     42 |     22 |   1 |  239.0 |
               +--------+--------+--------+--------+--------+-----+--------+

Top non-repeatable levels by time:
     D:1: 239 daAuts
